 Dungeon Crawl Stone Soup version 0.29-a0-275-g389c0b56f3 (webtiles) character file.

Game seed: 12475059476819583606

215 Leszczynek the Chopper (level 6, 0/46 HPs)
             Began as a Human Gladiator on Mar 10, 2022.
             Slain by an orc wizard
             ... wielding a +0 dagger
              (2 damage)
             ... on level 3 of the Dungeon.
             The game lasted 00:08:58 (992 turns).

Leszczynek the Chopper (Human Gladiator)             Turns: 992, Time: 00:08:59

Health: 0/46       AC:  7    Str: 14 (16) XL:     6   Next: 15%
Magic:  6/6        EV: 10    Int:  6 (9)  God:
Gold:   115        SH:  4    Dex: 12 (14) Spells: 5/5 levels left

rFire   + . .      SeeInvis .   a - +0 war axe
rCold   . . .      Faith    .   g - +0 buckler
rNeg    . . .      Spirit   .   n - +0 ring mail
rPois   +          Reflect  .   c - +0 helmet
rElec   .          Harm     .   (no cloak)
rCorr   .          Rampage  .   (no gloves)
Will    .....                   l - +0 pair of boots
Stlth   +.........              (no amulet)
HPRegen 0.15/turn               r - ring of poison resistance
MPRegen 0.10/turn               (no ring)

@: brilliant
A: deterioration 1, fire resistance 1
a: no special abilities


You were on level 3 of the Dungeon.
You visited 1 branch of the dungeon, and saw 3 of its levels.

You collected 115 gold pieces.

Inventory:

Hand Weapons
 a - a +0 war axe (weapon)
 b - a +0 hunting sling
Missiles
 e - a javelin (quivered)
 i - 5 boomerangs
Armour
 c - a +0 helmet (worn)
 g - a +0 buckler (worn)
 l - a +0 pair of boots (worn)
 m - a +0 leather armour
 n - a +0 ring mail (worn)
Jewellery
 r - a ring of poison resistance (left hand)
Wands
 q - a wand of iceblast (5)
 t - a wand of charming (9)
Scrolls
 j - a scroll of fear
 k - a scroll of immolation {!r}
 o - 3 scrolls of vulnerability {!r}
 s - a scroll of brand weapon {unknown}
 v - a scroll of blinking {unknown}
 w - a scroll of silence {unknown}
Potions
 p - 2 potions of mutation {!q}


   Skills:
 * Level 2.5 Fighting
 - Level 5.2 Axes
 - Level 2.0 Throwing
 - Level 3.0 Dodging
 + Level 2.9 Shields


You had 5 spell levels left.
You didn't know any spells.
Your spell library was empty.

Dungeon Overview and Level Annotations

Branches:
Dungeon (3/15)

Altars:

Shops:
D:3 (


Innate Abilities, Weirdness & Mutations

Your body sometimes deteriorates upon taking damage.
Your flesh is heat resistant. (rF+)


Message History

The orc wizard mumbles some strange words.
The orc wizard flickers and vanishes!
Deactivating autopickup; reactivate with Ctrl-A.
Throw: throwing net
Press: ? - help, Q - select action, (/) - cycle Shift-Dir - straight line You throw a throwing net.
You block something's attack.
You barely miss the orc. You miss something.
The orc hits you with a +0 falchion. Something hits you but does no damage.
You barely miss the orc. You miss something. The orc misses you.
Something hits you but does no damage.
You hit the orc but do no damage. You closely miss something.
Something hits you.
* * * LOW HITPOINT WARNING * * *
You block the orc's attack. You block something's attack.
The orc hits you but does no damage.
You closely miss something. You barely miss the orc.
The orc hits you with a +0 falchion.
* * * LOW HITPOINT WARNING * * *
Something hits you but does no damage.
You closely miss something. You hit the orc but do no damage.
You block the orc's attack. Something hits you.
* * * LOW HITPOINT WARNING * * *
You closely miss something. You closely miss the orc.
The orc hits you with a +0 falchion.
* * * LOW HITPOINT WARNING * * *
You hear some strange, mumbled words.
A puff of flame appears from out of thin air!
You block the puff of flame. Something hits you but does no damage.
The orc barely misses you.
You closely miss something. You hit the orc.
Something hits you but does no damage. The orc barely misses you.
Unknown command.
You miss something. You hit the orc but do no damage.
The orc barely misses you. Something hits you.
* * * LOW HITPOINT WARNING * * *
You barely miss something. You hit the orc but do no damage.
The orc misses you. Something hits you but does no damage.
You closely miss something. You barely miss the orc. Something hits you.
You die...

... #........>...... ....
###......<..###.
#...####.........##..
#...#..............
###....######(.<.
###..##.####..[..
#....##...##.....
##)).∩...#....##..
#@.##.............
o.......o{###..##.........
.......#####..##.....####
......###.....##....####
..........######........
..(....### #.######.
##...#.# ####.######.
###.#.######...........
#...........#.#.......


You could see an orc.

Vanquished Creatures
  A water moccasin (D:3)
  An orc priest (D:3)
  Robin (D:3)
  8 orcs (D:3)
  5 ball pythons
  2 endoplasms (D:3)
  3 giant cockroaches (D:2)
  6 hobgoblins
  4 jackals (D:3)
  4 kobolds
  2 quokkas
  3 bats
  3 frilled lizards
  13 goblins
  4 rats
60 creatures vanquished.

Notes
Turn   | Place    | Note
-------+----------+-------------------------------------------
     0 | D:1      | Leszczynek the Human Gladiator began the quest for the Orb.
     0 | D:1      | Reached XP level 1. HP: 16/16 MP: 1/1
   102 | D:2      | Reached XP level 2. HP: 21/22 MP: 2/2
   245 | D:3      | Noticed a water moccasin
   246 | D:3      | uh huh
   316 | D:2      | Noticed Robin
   326 | D:2      | Reached skill level 1 in Shields
   349 | D:2      | Reached XP level 3. HP: 20/27 MP: 3/3
   399 | D:3      | all 3 nets missed :^)
   463 | D:3      | Reached skill level 4 in Axes
   532 | D:3      | Reached XP level 4. HP: 17/33 MP: 4/4
   588 | D:3      | Killed Robin
   716 | D:3      | Found Gusucuh's Antique Weapon Shop.
   727 | D:3      | 6 misses with nets
   727 | D:3      | 42% to hit
   727 | D:3      | i hit a 3.8% chance :)
   727 | D:3      | Killed a water moccasin
   728 | D:3      | Reached skill level 5 in Axes
   728 | D:3      | Reached skill level 2 in Shields
   728 | D:3      | Reached XP level 5. HP: 20/38 MP: 5/5
   741 | D:3      | randart demon blade
   962 | D:3      | HP: 6/38 [orc priest/+0 mace (6)]
   966 | D:3      | Reached XP level 6. HP: 13/46 MP: 6/6
   969 | D:3      | Gained mutation: Your body sometimes deteriorates upon
                  | taking damage. [potion of mutation]
   969 | D:3      | Gained mutation: Your flesh is heat resistant. (rF+)
                  | [potion of mutation]
   986 | D:3      | HP: 8/46 [orc/+0 falchion (3)]
   990 | D:3      | HP: 1/46 [something (3)]
   992 | D:3      | Slain by an orc wizard

Illustrated notes #..## . .. .## .. #.#.S. ..> ....# ..<. ##.#..##. .....##........ ........^...... #..@....... #........#.. #........... ...##........ ..... ......... .... ?........ ... #####.... #.. .#.. Turn 246 on D:3: uh huh ..... o........ .... .......# .(. # ......# #.. o.... .... ..# # ##.#.##### #.@....... #.......## #.......# #..$...$# #######.# # Turn 399 on D:3: all 3 nets missed

:^) #..##.####........#...
...##..(##............
..∩...#....##........#
##....................
.......
##..##......?.........
......# #..##.....######.....
......## .....##....#####
.#.. ........ .##
#S.......##... .......#
#@######.#...# ...#.#
####.######....###
##.#.######................##
#...........#.#.............#
#....)..### #......†........
#....)..# #..............#
#..$..†.# #.....>......##
#######.# #...........##
#)#####.........[.#..#


Turn 727 on D:3: 6 misses with nets ... .. ##.#.. .. .......> .....# ...
#......<. ##.#..# ..####.........##...... ...#..................
###....######..<..... ###..##.####........# #....##...##.........
##...@...#....##...... #..##................. o.........###..##......?......
.......# ###..##.....######.. ......###.....##....##### .#
..........######........##.. .......### #.######.#... ...#.# ####.######....#
##.#.######............... Turn 741 on D:3: randart demon blade

Levels and vault maps discovered:
D:1:      lemuel_arrival_lava_pool, layout_basic, serial_shops,
          nicolae_lakefront_shop
D:2:      layout_basic, minivault_11, uniq_robin
D:3:      layout_rooms, mainiacjoe_overflow_alcove_1, serial_shops,
          nicolae_square_shop, minmay_randomly_rotated_circles

Skill      XL: |  1  2  3  4 |
---------------+-------------+-----
Shields        | 1 2 |  2.9
Axes           | 4 5 |  5.2
Fighting       | |  2.5
Throwing       | |  2.0
Dodging        | |  3.0

Action                   |  1- 3 |  4- 6 || total
-------------------------+-------+-------++-------
Melee: War axe           |   103 |    68 ||   171
Throw: Throwing net      |     3 |     6 ||     9
       Javelin           |       |     1 ||     1
Evoke: Wand              |       |     4 ||     4
  Use: Potion            |     1 |     4 ||     5
       Scroll            |       |     3 ||     3
 Stab: Held in net/web   |       |     1 ||     1
Armor: Leather armour    |     8 |       ||     8
       Ring mail         |    38 |    27 ||    65
Dodge: Dodged            |    58 |    42 ||   100
Block: Buckler           |    32 |    16 ||    48

Table legend: (Time is in decaauts)
 A = Elapsed time spent in this place.
 B = Non-inter-level travel time spent in this place.
 C = Inter-level travel time spent in this place.
 D = Time resting spent in this place.
 E = Time spent auto-exploring this place.
 F = Levels seen in this place.
 G = Mean time per level.
                   A        B        C        D        E       F      G
               +--------+--------+--------+--------+--------+-----+--------+
         Total |   1068 |   1055 |     13 |      0 |    103 |   3 |  356.0 |
       Dungeon |   1068 |   1055 |     13 |      0 |    103 |   3 |  356.0 |
               +--------+--------+--------+--------+--------+-----+--------+

Top non-repeatable levels by time:
     D:2: 558 daAuts
     D:3: 402 daAuts
     D:1: 107 daAuts
